 Dungeon Sprint DCSS version 0.26-a0-652-gafc20e3620 (webtiles) character file.

Game seed: 4918629565943458108

12760 sahdkjhfkaj the Severer (level 12, -2/105 HPs)
             Began as a Formicid Fighter on Oct 3, 2020.
             Was the Champion of Trog.
             Succumbed to poison (poison gas)
             ... in the Dungeon (Sprint VII: "The Pits").
             The game lasted 00:06:30 (3412 turns).

sahdkjhfkaj the Severer (Formicid Fighter)          Turns: 3412, Time: 00:06:31

Health: -2/105     AC: 21    Str: 30    XL:     12   Next: 24%
Magic:  12/12      EV: 14    Int: 10    God:    Trog [******]
Gold:   27         SH: 14    Dex: 10    Spells: 11/11 levels left

rFire    . . .     SeeInvis +   y - +11 war axe "Sisun" {vorpal, +Rage Int+3 SInv}
rCold    . . .     Faith    .   c - +0 kite shield
rNeg     . . .     Spirit   .   p - +4 chain mail
rPois    .         Reflect  .   (helmet unavailable)
rElec    .         Harm     .   (no cloak)
rCorr    .         Rampage  .   (no gloves)
MR       +....                  o - +0 pair of boots
Stlth    ..........             (no amulet)
HPRegen  0.27/turn              a - +3 ring of strength
MPRegen  0.13/turn              j - +3 ring of protection

@: lethally poisoned (-2 -> -99)
A: permanent stasis, dig shafts and tunnels, four strong arms, antennae 3
a: Dig, Trog's Hand, Brothers in Arms, Renounce Religion


You were in the Dungeon.
You worshipped Trog.
Trog was exalted by your worship.
You visited 1 branch You collected 27 gold pieces.

Inventory:

Hand Weapons
 y - the +11 war axe "Sisun" (weapon) {vorpal, +Rage Int+3 SInv}
   (Trog gifted it to you in the Dungeon)

   It inflicts extra damage upon your enemies.
   It affects your intelligence (+3).
   It lets you see invisible.
   It lets you go berserk.
Armour
 c - a +0 kite shield (worn)
 o - a +0 pair of boots (worn)
 p - a +4 chain mail (worn)
Jewellery
 a - a +3 ring of strength (left hand)
 j - a +3 ring of protection (right hand)
 r - the ring of Bilirphiz {MR+ Int-2 Dex+7}
   (You found it in the Dungeon)

   [ring of protection from magic]

   It affects your intelligence (-2).
   It affects your dexterity (+7).
   It affects your resistance to hostile enchantments.
 s - an uncursed ring of ice
 t - an uncursed ring of magical power
 u - an uncursed ring of poison resistance
Scrolls
 d - a scroll of fear
 i - 5 scrolls of remove curse
 k - 2 scrolls of vulnerability
 l - 9 scrolls of enchant armour
 n - 4 scrolls of identify
 q - a scroll of fog
Potions
 e - 3 potions of curing
 f - 5 potions of heal wounds
 g - 4 potions of magic
 h - 2 potions of invisibility
 m - 2 potions of resistance
 v - 2 potions of stabbing
 w - a potion of might
 x - 2 potions of mutation


   Skills:
 + Level 13.3 Fighting
 * Level 16.3 Axes
 + Level 13.3 Armour
 + Level 11.2 Dodging
 - Level 15.0 Shields


You had 11 spell levels left.
You didn't know any spells.
Your spell library was empty.

Dungeon Overview and Level Annotations

Branches:
Dungeon (1/1)

Altars:
Ashenzari
Cheibriados
Dithmenos
Elyvilon
Fedhas
Gozag
Hepliaklqana
Kikubaaqudgha
Makhleb
Nemelex Xobeh
Okawaru
Qazlal
Ru
Sif Muna
Trog
Uskayaw
Vehumet
Wu Jian
Xom
Yredelemnul
Zin
The Shining One
Beogh
Jiyva
Lugonu


Innate Abilities, Weirdness & Mutations

You cannot be hasted, slowed, berserked, paralysed or teleported.
You can dig through walls and to a lower floor.
Your four strong arms can wield two-handed weapons with a shield.
You have a pair of large antennae on your head. (SInv)


Message History

You feel very sick.
You slash the green draconian!
The green draconian is almost dead.
You are engulfed in poison gas.
You are more poisoned.
You feel very sick.
The green draconian breathes poison at you.
The blast of poison engulfs you!
You are more poisoned.
* * * LOW HITPOINT WARNING * * *
You slice the green draconian!!
You kill the green draconian!
Trog accepts your kill.
You are engulfed in poison gas.
You are more poisoned.
* * * LOW HITPOINT WARNING * * *
x2 You feel very sick.
You are engulfed in poison gas.
You are more poisoned.
* * * LOW HITPOINT WARNING * * *
You die...

{ { { { {{ { { {{ {{
{
##################+#
...............§○○°#
......).........@○§#
#++##############°☼#
{{{ #°°# { #.○# {
#..# { { {#..# { {
{#..# {{{ {{#..# {{
#..#


There were no monsters in sight!

Vanquished Creatures
  A green draconian (D)
  A great orb of eyes (D)
  Harold (D)
  A centaur warrior (D)
  A merfolk avatar (D)
  An orc high priest (D)
  A shadow wraith (D)
  2 flayed ghosts (D)
  2 cyclopes (D)
  An elephant (D)
  A guardian serpent (D)
  Joseph (D)
  A komodo dragon (D)
  2 demonic crawlers (D)
  A jumping spider (D)
  A merfolk (D)
  5 blink frogs (D)
  2 tarantellas (D)
  2 wyverns (D)
  A ynoxinul (D)
  A basilisk (D)
  2 soldier ants (D)
  A floating eye (D)
  An orc warrior (D)
  A swamp drake (D)
  A necrophage (D)
  A centaur (D)
  A crocodile (D)
  A bullfrog (D)
  2 scorpions (D)
  6 killer bees (D)
  2 crimson imps (D)
  A jelly (D)
  An orc priest (D)
  3 orc wizards (D)
  A worker ant (D)
  An adder (D)
  3 river rats (D)
  2 ufetubi (D)
  An ooze (D)
  An adder skeleton (D)
  A worm (D)
  7 orcs (D)
  2 ball pythons (D)
  A bat (D)
  A bat zombie (D)
  2 giant cockroaches (D)
  2 goblins (D)
  A quokka (D)
  A frilled lizard (D)
  A leopard gecko skeleton (D)
  A quokka simulacrum (D)
  A rat (D)
84 creatures vanquished.

Vanquished Creatures (collateral kills)
  A death yak (D)
  Psyche (D)
  A snapping turtle (D)
  A porcupine (D)
4 creatures vanquished.

Vanquished Creatures (others)
  An elephant (D)
  A red devil (D)
  An orc priest (D)
  An orc wizard (D)
  A gnoll (D)
  An orc (D)
6 creatures vanquished.

Grand Total: 94 creatures vanquished

Notes
Turn   | Place    | Note
-------+----------+-------------------------------------------
     0 | D        | sahdkjhfkaj the Formicid Fighter began the quest for the
                  | Orb.
     0 | D        | Reached XP level 1. HP: 18/18 MP: 1/1
    17 | D        | Found a bloodstained altar of Trog.
    17 | D        | Found a shimmering blue altar of Sif Muna.
    17 | D        | Found a viscous altar of Jiyva.
    17 | D        | Found a hazy altar of Hepliaklqana.
    17 | D        | Found an opulent altar of Gozag.
    18 | D        | Found a glowing golden altar of the Shining One.
    18 | D        | Found a glowing silver altar of Zin.
    18 | D        | Found a basalt altar of Yredelemnul.
    18 | D        | Found a shimmering altar of Xom.
    18 | D        | Found an ornate altar of the Wu Jian Council.
    18 | D        | Found a sacrificial altar of Ru.
    18 | D        | Found a stormy altar of Qazlal.
    18 | D        | Found an iron altar of Okawaru.
    18 | D        | Found a sparkling altar of Nemelex Xobeh.
    18 | D        | Found a burning altar of Makhleb.
    18 | D        | Found a blossoming altar of Fedhas.
    18 | D        | Found a white marble altar of Elyvilon.
    18 | D        | Found a shadowy altar of Dithmenos.
    18 | D        | Found a snail-covered altar of Cheibriados.
    19 | D        | Found a radiant altar of Vehumet.
    19 | D        | Found a corrupted altar of Lugonu.
    19 | D        | Found a roughly hewn altar of Beogh.
    21 | D        | Found a broken altar of Ashenzari.
    21 | D        | Found an ancient bone altar of Kikubaaqudgha.
    21 | D        | Found a hide-covered altar of Uskayaw.
    29 | D        | Became a worshipper of Trog the Wrathful
    59 | D        | Reached XP level 2. HP: 18/24 MP: 2/2
   138 | D        | Reached skill level 3 in Axes
   138 | D        | Reached skill level 1 in Dodging
   139 | D        | Reached * piety under Trog
   139 | D        | Reached skill level 5 in Shields
   139 | D        | Reached XP level 3. HP: 25/30 MP: 3/3
   216 | D        | Reached ** piety under Trog
   222 | D        | Reached skill level 4 in Axes
   222 | D        | Reached XP level 4. HP: 13/38 MP: 4/4
   523 | D        | Noticed a porcupine
   530 | D        | Reached *** piety under Trog
   537 | D        | Reached skill level 5 in Axes
   539 | D        | Reached XP level 5. HP: 43/43 MP: 5/5
   545 | D        | Killed a porcupine
   545 | D        | Reached skill level 5 in Fighting
   545 | D        | Reached skill level 5 in Armour
   548 | D        | Reached skill level 6 in Axes
   556 | D        | Reached **** piety under Trog
   556 | D        | Reached XP level 6. HP: 18/52 MP: 6/6
   575 | D        | Reached ***** piety under Trog
   767 | D        | Noticed a floating eye
   769 | D        | Killed a floating eye
   769 | D        | Reached skill level 7 in Axes
   782 | D        | Reached XP level 7. HP: 59/59 MP: 7/7
   800 | D        | Noticed a snapping turtle
   800 | D        | Noticed Psyche
   814 | D        | Killed Psyche
   814 | D        | Reached skill level 8 in Axes
   814 | D        | Reached skill level 5 in Dodging
   814 | D        | Reached skill level 10 in Shields
   817 | D        | Killed a snapping turtle
   817 | D        | Received a gift from Trog
   817 | D        | Reached skill level 9 in Axes
   817 | D        | Reached XP level 8. HP: 16/67 MP: 8/8
  1274 | D        | Noticed a shadow wraith
  1275 | D        | Noticed a death yak
  1286 | D        | Killed a death yak
  1323 | D        | Killed a shadow wraith
  1323 | D        | Reached skill level 10 in Axes
  1323 | D        | Reached XP level 9. HP: 29/75 MP: 9/9
  1558 | D        | Noticed a red devil
  1558 | D        | Noticed an elephant
  1558 | D        | Noticed a guardian serpent
  1558 | D        | Noticed a komodo dragon
  1604 | D        | Killed an elephant
  1604 | D        | Reached skill level 11 in Axes
  1612 | D        | Killed a komodo dragon
  1615 | D        | Killed a red devil
  1625 | D        | Killed a guardian serpent
  1625 | D        | Received a gift from Trog
  1625 | D        | Reached XP level 10. HP: 26/84 MP: 10/10
  1965 | D        | Reached skill level 12 in Axes
  1965 | D        | Reached skill level 10 in Armour
  2071 | D        | Noticed a demonic crawler
  2084 | D        | Killed a demonic crawler
  2084 | D        | Reached skill level 10 in Fighting
  2104 | D        | Received a gift from Trog
  2141 | D        | Noticed a flayed ghost
  2142 | D        | Noticed a demonic crawler
  2160 | D        | Killed a demonic crawler
  2160 | D        | Reached ****** piety under Trog
  2160 | D        | Reached skill level 15 in Shields
  2163 | D        | Received a gift from Trog
  2163 | D        | Reached skill level 13 in Axes
  2168 | D        | Killed a flayed ghost
  2176 | D        | Reached XP level 11. HP: 42/93 MP: 11/11
  2397 | D        | Noticed an orc high priest
  2423 | D        | Killed an orc high priest
  2423 | D        | Received a gift from Trog
  2651 | D        | Noticed a flayed ghost
  2651 | D        | Noticed a cyclops
  2651 | D        | Noticed Joseph
  2655 | D        | Noticed a cyclops
  2656 | D        | Noticed a merfolk avatar
  2656 | D        | Reached skill level 14 in Axes
  2662 | D        | Killed a flayed ghost
  2679 | D        | Killed a merfolk avatar
  2679 | D        | Received a gift from Trog
  2681 | D        | Reached skill level 10 in Dodging
  2684 | D        | Killed a cyclops
  2688 | D        | Killed Joseph
  2692 | D        | Killed a cyclops
  2721 | D        | Received a gift from Trog
  2721 | D        | Reached skill level 15 in Axes
  3085 | D        | Got the ring of Bilirphiz {MR+ Int-2 Dex+7}
  3220 | D        | Noticed a great orb of eyes
  3220 | D        | Noticed Harold
  3227 | D        | Killed a great orb of eyes
  3230 | D        | Killed Harold
  3281 | D        | Got a dazzling war axe {god gift}
  3282 | D        | Identified the +11 war axe "Sisun" {vorpal, +Rage Int+3
                  | SInv} (Trog gifted it to you in the Dungeon)
  3334 | D        | Noticed a centaur warrior
  3337 | D        | Received a gift from Trog
  3348 | D        | Killed a centaur warrior
  3348 | D        | Reached XP level 12. HP: 98/105 MP: 12/12
  3372 | D        | Received a gift from Trog
  3382 | D        | Noticed a green draconian
  3386 | D        | Reached skill level 16 in Axes
  3404 | D        | HP: 4/105 [poisoned by a green draconian (poison gas)]
  3411 | D        | Killed a green draconian
  3412 | D        | HP: 5/105 [something (8)]
  3412 | D        | Succumbed to poison (poison gas)

Illustrated notes

Levels and vault maps discovered:
D:        pitsprint [storerooms_1, entrance_room_1, metal_vault_3, armoury_2,
          mini_pit_1, grid_room_1, main_hall_1, silver_pit, the_coven_1,
          the_vestibule_1, steel_vault_4, golden_pit, hallway_of_sentries,
          crystal_vault_1, iron_vault_1, final_vault]

Skill      XL: |  1  2  3  4  5  6  7  8  9 10 11 12 |
---------------+-------------------------------------+-----
Shields        | 4 5 6 8 9 11 12 14 15 | 15.0
Axes           | 3 4 5 6 7 9 10 11 13 15 16 | 16.3
Dodging        | 1 2 3 4 5 6 7 9 10 11 | 11.2
Fighting       | 4 5 6 7 8 9 11 13 | 13.3
Armour         | 4 5 6 7 8 9 11 13 | 13.3

Action                   |  1- 3 |  4- 6 |  7- 9 | 10-12 || total
-------------------------+-------+-------+-------+-------++-------
Melee: War axe           |    27 |    60 |    71 |   145 ||   303
       Battleaxe         |       |       |       |    41 ||    41
Invok: Brothers in Arms  |       |       |     3 |       ||     3
 Abil: Dig               |     3 |       |       |       ||     3
  Use: Scroll            |       |     1 |       |       ||     1
       Potion            |       |       |     5 |     7 ||    12
 Stab: Confused          |       |       |       |     1 ||     1
Armor: Scale mail        |     9 |       |       |       ||     9
       Chain mail        |       |    27 |    41 |    59 ||   127
Dodge: Dodged            |    14 |    16 |    35 |    78 ||   143
Block: Kite shield       |    19 |    25 |    68 |   135 ||   247

Table legend: (Time is in decaauts)
 A = Elapsed time spent in this place.
 B = Non-inter-level travel time spent in this place.
 C = Inter-level travel time spent in this place.
 D = Time resting spent in this place.
 E = Time spent auto-exploring this place.
 F = Levels seen in this place.
 G = Mean time per level.
                   A        B        C        D        E       F      G
               +--------+--------+--------+--------+--------+-----+--------+
         Total |   3408 |   3209 |    199 |   2104 |    128 |   1 | 3408.0 |
       Dungeon |   3408 |   3209 |    199 |   2104 |    128 |   1 | 3408.0 |
               +--------+--------+--------+--------+--------+-----+--------+

Top non-repeatable levels by time:
       D: 3408 daAuts
